General information
- name: BNet
- type: Ladder 1vs1/FFA
- host: Battle.net
- saver: MaSiWei
map: SwampedTemple
- players: 2
- length: 06:34
- speed: Fast
- version: 1.30 W3XP
- replay type: Public
» download(39 KB)
Players
team 1 (winner)
MaSiWei (
blue | 199 APM | 1306 actions | 06:34)
3 Death Knight
2 Death Coil
1 Unholy Aura
» actions
| Assign group hotkey | 12 | |
| Basic commands | 37 | |
| Build / train | 19 | |
| ESC pressed | 1 | |
| Enter build submenu | 9 | |
| Enter hero's abilities submenu | 3 | |
| Right click | 629 | |
| Select / deselect | 168 | |
| Select group hotkey | 405 | |
| Use ability | 23 | |
1306 total
» units
| Acolyte | 3 | |
| Ghoul | 2 | |
| Crypt Fiend | 6 | |
11 total
» buildings
| Graveyard | 1 | |
| Crypt | 1 | |
| Altar of Darkness | 1 | |
| Ziggurat | 3 | |
| Tomb of Relics | 1 | |
| Nerubian Tower | 1 | |
| Halls of the Dead | 1 | |
9 total
» build order
00:08 Graveyard
00:18 Crypt
00:42 Altar of Darkness
00:57 Ziggurat
01:10 Tomb of Relics
02:01 Ziggurat
02:13 Nerubian Tower
04:07 Halls of the Dead
04:27 Ziggurat
» items
team 2 (loser)

»
looky (
red | 48 APM | 315 actions | 06:33)
2 Pit Lord
1 Cleaving Attack
1 Howl of Terror
» actions
| Basic commands | 5 | |
| Build / train | 32 | |
| Enter build submenu | 9 | |
| Enter hero's abilities submenu | 2 | |
| Right click | 146 | |
| Select / deselect | 97 | |
| Use ability | 24 | |
315 total
» units
» upgrades
» buildings
| Barracks | 1 | |
| Farm | 4 | |
| Altar of Kings | 1 | |
| Lumber Mill | 1 | |
| Town Hall | 1 | |
| Arcane Vault | 1 | |
9 total
» build order
00:09 Barracks
00:20 Farm
00:59 Farm
01:16 Altar of Kings
01:35 Farm
02:32 Lumber Mill
03:34 Farm
04:15 Town Hall
04:27 Arcane Vault
Chat log
(04:02 / All) looky: no lag
(06:01 / All) looky: and basic